Unix NetHack Version 5.0.0-0 post-release - last build May 23 2026 06:08:33 (1c0ff79ee797540d5714e4e18072db0edd9e58ae,branch:main).

Game began 2026-05-25 12:59:29, ended 2026-05-25 13:11:25.

Atomicjoy, chaotic male elven Wizard

                                                 ---
                                                |..|
                                                |.)---
                                                --..@|
                                                 --f.-
                                                  h..

Atomicjoy the Conjurer    St:10 Dx:17 Co:12 In:17 Wi:9 Ch:10  Chaotic
Dlvl:5  $:230 HP:0(26) Pw:14(35) AC:8  Xp:3/64 T:1012 

Latest messages:
 J - a hooded cloak.
 The gnomish wizard points at you, then curses.
 Your kitten eats a dwarf corpse.
 You see here a magic marker.
 The gnome lord hits!
 K - a magic marker.
 The gnome lord hits!
 The gnome picks up 6 darts.
 The gnome hits!
 The kitten is still eating.
 You descend the stairs.
 There is a staircase up to level 4 here.
 You see here a dart.
 The gnome wields a bow!
 In what direction? 3
 The spell hits the gnome!
 You kill the gnome!
 The spell hits the gnome!
 You kill the gnome!
 There is a staircase up to level 4 here.
 You see here a dart.
 L - 13 arrows.
 M - a bow.
 The dwarf throws a dagger!
 You are hit by a dagger.
 In what direction? 1
 The spell hits the dwarf!
 You kill the dwarf!
 Welcome to experience level 3.
 The dwarf throws a dagger!
 You are hit by a dagger.
 There is a staircase up to level 4 here.
 You see here a dart.
 You climb up the stairs.
 The kitten drops a dart.
 The gnome hits!
 The kitten misses the gnome.
 In what direction? 4
 The spell hits the gnome lord!
 You kill the gnome lord!
 The kitten misses the gnome.
 The kitten misses the gnome.
 You descend the stairs.
 There is a staircase up to level 4 here.
 You see here a dart.
 There is a staircase up to level 4 here.
 You see here a dart.
 A bear trap closes on your foot!
 You die...
 Do you want your possessions identified? [ynq] (y) q

Inventory:
 Coins    ('$')
  $ - 230 gold pieces
 Weapons  (')')
  L - 13 +0 arrows
  M - a +0 bow
  H - a +0 dagger
  a - a blessed +1 quarterstaff (weapon in hands)
 Armor    ('[')
  D - an uncursed +0 orcish helm (being worn)
  I - an uncursed +0 pair of iron shoes
  b - an uncursed +0 cloak of magic resistance (being worn)
  J - an uncursed +0 dwarvish cloak
 Comestibles  ('%')
  u - an uncursed candy bar labeled "Moon Crunchy"
  w - an uncursed tripe ration
  G - an uncursed lichen corpse
 Scrolls  ('?')
  j - an uncursed scroll of charging
  B - a cursed scroll of confuse monster
  k - an uncursed scroll of identify
  i - an uncursed scroll of light
 Potions  ('!')
  h - an uncursed potion of blindness
  C - an uncursed potion of gain energy
  f - a blessed potion of healing
  s - an uncursed potion of sickness
  g - an uncursed potion of speed
 Rings    ('=')
  e - an uncursed ring of searching
  d - an uncursed ring of slow digestion
 Wands    ('/')
  v - a wand of digging (0:7)
  c - a wand of striking (0:8)
 Tools    ('(')
  p - an uncursed bugle
  o - an uncursed blindfold
  K - a magic marker (0:98)
  n - a magic marker (0:19)
  y - an uncursed magic whistle
  t - an uncursed mirror
  q - a blessed oil lamp
  r - an uncursed tin whistle
 Gems/Stones  ('*')
  F - an uncursed worthless piece of yellowish brown glass

Atomicjoy the Wizard's attributes:

Background:
 You were a Conjurer, a level 3 male elven Wizard.
 You were chaotic, on a mission for Anhur
 who was opposed by Ptah (lawful) and Thoth (neutral).
 You were left-handed.
 You were in the Gnomish Mines, on level 5.
 You entered the dungeon 1012 turns ago.
 You had 64 experience points, 16 more were needed to attain level 4.

Basics:
 You had 0 out of 26 hit points.
 You had 14 out of 35 energy points (spell power).
 Your armor class was 8.
 Your wallet contained 230 zorkmids.
 Autopickup was off.

Final Characteristics:
 Your strength was 10 (limit:18).
 Your dexterity was 17 (base:18, limit:18).
 Your constitution was 12 (limit:16).
 Your intelligence was 17 (limit:20).
 Your wisdom was 9 (limit:20).
 Your charisma was 10 (limit:18).

Final Status:
 You were trapped in a bear trap.
 You had a wounded left leg.
 You weren't hungry.
 You were unencumbered.
 You were wielding a quarterstaff.
 You had basic skill with quarterstaff.

Final Attributes:
 You were devoutly aligned.
 You were magic-protected.
 You had infravision.
 You were warded.
 You are dead.

Miscellaneous:
 You didn't encounter any bones levels.
 Total elapsed playing time was 11 minutes and 55 seconds.

Major events:
 Turn
    1: Atomicjoy the chaotic male elven Wizard entered the dungeon
  930: entered the Gnomish Mines
 1003: attained the rank of Conjurer (level 3)
 1012: killed by a bear trap

Spells:
 Name                 Level Category     Fail Retention
 force bolt             1   attack         0%  91%-100%
 identify               3   divination    94%  76%-100%

Skills:
 Fighting Skills
   bare handed combat [Unskilled]
   riding             [Unskilled]
 Weapon Skills
   dagger             [Unskilled]
   knife              [Unskilled]
   axe                [Unskilled]
   short sword        [Unskilled]
   club               [Unskilled]
   mace               [Unskilled]
   quarterstaff       [Basic]
   polearms           [Unskilled]
   spear              [Unskilled]
   trident            [Unskilled]
   sling              [Unskilled]
   dart               [Unskilled]
   shuriken           [Unskilled]
 Spellcasting Skills
   attack spells      [Basic]
   healing spells     [Unskilled]
   divination spells  [Unskilled]
   enchantment spells [Basic]
   clerical spells    [Unskilled]
   escape spells      [Unskilled]
   matter spells      [Unskilled]

Voluntary challenges:
 Character rerolling was not enabled.
 You were illiterate.
 You never genocided any monsters.
 You never polymorphed an object.
 You never changed form.
 You used no wishes.
Achievements:
 You entered a shop.
 You entered the Gnomish Mines.
 You attained the rank of Conjurer.

 The Dungeons of Doom: levels 1 to 4
    Level 1:
       A fountain, a sink.
    Level 2:
       A general store, a fountain.
    Level 3:
       A fountain, a grave.
       Stairs down to The Gnomish Mines.
    Level 4:
 The Gnomish Mines: levels 4 to 5
    Level 4:
    Level 5: <- You were here.
       Final resting place for
          you, killed by a bear trap.


Vanquished creatures:
  a gnome leader
  2 dwarves
  a hobbit
  a large kobold
  6 gnomes
  5 jackals
  a kobold
  a goblin
  a grid bug
  2 lichens
  6 newts
27 creatures vanquished.

No species were genocided or became extinct.

Game over:
                       ----------
                      /          \
                     /    REST    \
                    /      IN      \
                   /     PEACE      \
                  /                  \
                  |    Atomicjoy     |
                  |      230 Au      |
                  | killed by a bear |
                  |       trap       |
                  |                  |
                  |                  |
                  |       2026       |
                 *|     *  *  *      | *
        _________)/\\_//(\/(/\)/\//\/|_)_______

Goodbye Atomicjoy the Wizard...

You died in The Gnomish Mines on dungeon level 5 with 663 points,
and 230 pieces of gold, after 1012 moves.
You were level 3 with a maximum of 26 hit points when you died.

